Cogmind - Beta 13 @@@ ROGUE MODE // 2024.04.12 @ 07:47:27 Player: m1m1c Result: Destroyed by G-34 Mercenary with Small Laser Performance ------------- Evolutions (1) 500 Regions Visited (2) 400 Robots Destroyed (11) 55 Value Destroyed (134) 134 Prototype IDs (0) 0 Alien Tech Used (0) 0 Bonus (0) 0 TOTAL SCORE: 1089 Bonus ------- None Cogmind --------- Core Integrity 0/400 Matter 300/300 Energy 99/100 System Corruption 0% Temperature Cool (6) Movement Core (50) Location -9/Materials Parts ------- > --- POWER (1) -------- (None) > --- PROPULSION (3) --- (None) > --- UTILITY (3) ------ (None) > --- WEAPON (2) ------- (None) > --- INVENTORY (5) ---- High-capacity Battery (250) Sensor Array Signal Interpreter Transport Network Coupler Datajack Peak State ------------ > --- POWER ------------ Light Deuterium Engine > --- PROPULSION ------- Aluminum Leg Hover Unit Hover Unit > --- UTILITY ---------- Small Storage Unit ECM Suite Improved Propulsion Shielding > --- WEAPON ----------- Assault Rifle > --- INVENTORY -------- Ion Engine Huge Storage Unit High-capacity Battery Medium Matter Pod Sensor Array Signal Interpreter Transport Network Coupler Datajack [Rating: 12] Favorites ----------- Power Ion Engine Engine Ion Engine Propulsion Aluminum Leg Leg Aluminum Leg Hover Unit Hover Unit Utility Small Storage Unit Device ECM Suite Storage Small Storage Unit Protection Improved Propulsion Shielding Weapon Medium Laser Energy Gun Medium Laser Ballistic Gun Assault Rifle Build | -11 -10 -9 ------- Run | Yrd Mat Mat Slots Evolved 2 | . . 2 Power . | . . . Propulsion 1 | . . 1 Utility 1 | . . 1 Weapon . | . . . Parts Attached 14 | 6 1 7 Power 2 | 1 . 1 Engine 2 | 1 . 1 Core . | . . . Reactor . | . . . Propulsion 4 | 2 . 2 Treads . | . . . Leg 2 | 2 . . Wheel . | . . . Hover 2 | . . 2 Flight . | . . . Utility 4 | 1 1 2 Device 2 | . 1 1 Storage 1 | 1 . . Processor . | . . . Hackware . | . . . Protection 1 | . . 1 Artifact . | . . . Weapon 4 | 2 . 2 Energy Gun 3 | 2 . 1 Energy Cannon . | . . . Ballistic Gun 1 | . . 1 Ballistic Cannon . | . . . Launcher . | . . . Special Weapon . | . . . Impact Weapon . | . . . Slashing Weapon . | . . . Piercing Weapon . | . . . Special Melee Weapon . | . . . Unidentified Prototypes . | . . . Parts Lost 12 | . . 12 Power 2 | . . 2 Propulsion 4 | . . 4 Utility 3 | . . 3 Weapon 3 | . . 3 Highest Loss Streak 4 | . . 4 To Critical Strikes . | . . . Average Slot Usage (%) 77 | . 99 59 Engine 10 | . 14 7 Leg 20 | . 28 14 Hover 2 | . . 5 Device 9 | . 13 6 Storage 12 | . 14 10 Protection 1 | . . 3 Energy Gun 18 | . 28 10 Ballistic Gun 1 | . . 2 Naked Turns 9 | . . 9 Heaviest Build 17 | 13 15 17 Greatest Support 20 | 20 20 20 Greatest Overweight (x) 4 | 3 . 4 Average Overweight (x) . | . . . Largest Inventory Capacity 8 | 8 8 8 Average Capacity 7 | 7 8 7 Most Carried 8 | 2 8 8 Average Carried 6 | . 6 7 Final Capacity 8 | 8 8 5 Final Carried 8 | 2 8 5 Class Distribution -------------------- 100% | Mutant Dominant Class ---------------- Mutant | -10/Materials Mutant | -9/Materials Resources | -11 -10 -9 ----------- Run | Yrd Mat Mat Matter Collected 456 | 160 83 213 Remotely . | . . . Salvage Created 166 | . 111 55 Parts 24 | . 11 13 Haulers Intercepted 1 | . 1 . Recyclers Shooed . | . . . Parts Field Recycled . | . . . Retrieved Matter . | . . . Parts Self-Destructed . | . . . Prevented . | . . . Kills | -11 -10 -9 ------- Run | Yrd Mat Mat Combat Hostiles Destroyed 8 | . 3 5 Guns 4 | . 3 1 AOE 4 | . . 4 Classes Destroyed 3 | . 3 . Hauler 1 | . 1 . Watcher 2 | . 1 1 Swarmer 8 | . 3 5 Best Kill Streak 6 | . 4 6 Combat Bots Only 4 | . 3 4 Max Kills in Single Turn 4 | . 1 4 Gunslinging . | . . . Exploded 4 | . . 4 Melee . | . . . Uniques/NPCs Destroyed . | . . . Combat | -11 -10 -9 -------- Run | Yrd Mat Mat Hostile Shots Fired 201 | . 55 146 Missed 78 | . 20 58 Damage Taken 1421 | . 330 1091 Core 492 | . 83 409 Absorbed by Shields . | . . . Redirected to Shielding 66 | . . 66 Core Remaining (%) 83 | 100 66 . Volleys Fired 15 | . 10 5 Largest 2 | . 2 2 Hottest 115 | . 90 115 Shots Fired 27 | . 20 7 Gun 27 | . 20 7 Cannon . | . . . Launcher . | . . . Special . | . . . Kinetic 3 | . . 3 Thermal 24 | . 20 4 Explosive . | . . . Electromagnetic . | . . . Robot Hit Streak 4 | . 4 3 Robot Miss Streak 4 | . 4 4 Penetration Max . | . . . Secondary Targets 2 | . 2 . Max Gunslinging Chain 1 | . 1 . Shots Hit Robots 13 | . 10 3 Core Hits 13 | . 7 6 Critical Kills . | . . . Critical Parts Destroyed . | . . . Critical Strikes . | . . . Melee Attacks . | . . . Impact . | . . . Slashing . | . . . Piercing . | . . . Sneak Attacks . | . . . Combat Hostiles . | . . . Follow-up Attacks . | . . . Damage Inflicted 773 | . 162 611 Guns 212 | . 158 54 Cannons . | . . . Explosions 524 | . . 524 Melee . | . . . Ramming 37 | . 4 33 Kinetic 38 | . . 38 Thermal 174 | . 158 16 Explosive 524 | . . 524 Electromagnetic . | . . . Impact . | . . . Slashing . | . . . Piercing . | . . . Highest Corruption . | . . . Average Corruption . | . . . Corruption Purged . | . . . Corruption Blocked . | . . . Overload Shots . | . . . Overflow Damage 155 | . . 155 Projectiles . | . . . Explosions 155 | . . 155 Melee . | . . . Knockbacks . | . . . Impact . | . . . Kinetic . | . . . Secondary . | . . . Self-Inflicted Damage 112 | . . 112 Shots 1 | . . 1 Rammed 7 | . . 7 Targets Rammed 8 | . 1 7 Kicked 1 | . 1 . Crushed . | . . . Highest Temperature 240 | . 240 65 Average Temperature 92 | . 102 36 Received Heat Transfer 519 | . 102 417 Effects 1 | . 1 . Energy Bleed 1 | . 1 . Siege Activations . | . . . Robots Corrupted . | . . . Combat Hostiles . | . . . Parts Fried . | . . . Impact Corruptions . | . . . Robots Melted . | . . . Combat Hostiles . | . . . Parts Melted . | . . . Heat Transferred 434 | . 397 37 Parts Sabotaged . | . . . Parts Stolen . | . . . Parts Stripped . | . . . Power Chain Reactions . | . . . Alert | -11 -10 -9 ------- Run | Yrd Mat Mat Peak Influence 269 | . 84 269 Initial 35 | . . 35 Average 83 | . 61 122 Maximum Alert Level 1 | . . 1 Low Security (%) 79 | 100 100 56 Level 1 20 | . . 43 Level 2 . | . . . Level 3 . | . . . Level 4 . | . . . Level 5 . | . . . High Security . | . . . Max Security . | . . . Squads Dispatched 2 | . 2 . Investigation 1 | . 1 . Extermination . | . . . Reinforcement 1 | . 1 . Assault . | . . . Garrison . | . . . Intercept . | . . . Searches Triggered . | . . . Construction Impeded . | . . . Haulers Reinforced . | . . . Active Scanning Responses . | . . . Cargo Convoy Interrupts . | . . . Stealth | -11 -10 -9 --------- Run | Yrd Mat Mat Distress Signals 1 | . . 1 Communications Jammed . | . . . Distress Signals . | . . . Times Spotted 32 | . 14 18 Peak Tracking Total 8 | . 5 8 Tactical Retreats 5 | . 3 2 Traps | -11 -10 -9 ------- Run | Yrd Mat Mat Traps Triggered 1 | . 1 . Indirectly . | . . . Trap Hack Attempts . | . . . Triggered . | . . . Disarmed . | . . . Reprogrammed . | . . . Reused . | . . . Traps Extracted . | . . . Installed . | . . . Triggered . | . . . Machines | -11 -10 -9 ---------- Run | Yrd Mat Mat Machines Disabled 2 | . . 2 Max in Single Turn 1 | . . 1 Machines Repaired . | . . . Machines Dismantled . | . . . Machines Sabotaged . | . . . Overloaded Fab Kills . | . . . Hacking | -11 -10 -9 --------- Run | Yrd Mat Mat Machines Accessed . | . . . Terminals . | . . . Fabricators . | . . . Repair Stations . | . . . Recycling Units . | . . . Scanalyzers . | . . . Garrison Access . | . . . Total Hacks . | . . . Successful . | . . . Failed . | . . . Catastrophic . | . . . Database Lockouts . | . . . Manual . | . . . Terminals . | . . . Fabricators . | . . . Repair Stations . | . . . Recycling Units . | . . . Scanalyzers . | . . . Garrison Access . | . . . Terminal Hacks . | . . . Fabricator Hacks . | . . . Repair Station Hacks . | . . . Recycling Unit Hacks . | . . . Scanalyzer . | . . . Garrison Access Hacks . | . . . Unauthorized Hacks . | . . . Terminals . | . . . Fabricators . | . . . Repair Stations . | . . . Recycling Units . | . . . Scanalyzers . | . . . Garrison Access . | . . . Data Cores Recovered . | . . . Used . | . . . Hacking Detections . | . . . Full Trace Events . | . . . Feedback Events . | . . . Feedback Blocked . | . . . Robot Schematics Acquired . | . . . Robots Built . | . . . Authchips . | . . . Time . | . . . Total Robot Build Rating . | . . . Part Schematics Acquired . | . . . Parts Built . | . . . Authchips . | . . . Time . | . . . Total Part Build Rating . | . . . Parts Repaired . | . . . Time . | . . . Parts Recycled . | . . . Recycled Matter . | . . . Retrieved Matter . | . . . Retrieved Components . | . . . Parts Scanalyzed . | . . . Part Schematics Acquired . | . . . Parts Damaged . | . . . Bothacking | -11 -10 -9 ------------ Run | Yrd Mat Mat Used RIF Installer . | . . . Robots Hacked . | . . . Non-combat . | . . . Combat . | . . . Robot Hacks Applied . | . . . Relay Couplers Released . | . . . Fabnet Peak Effective % . | . . . Robots Rewired . | . . . Allies Hacked . | . . . Hacks Repelled . | . . . Allies | -11 -10 -9 -------- Run | Yrd Mat Mat Total Allies . | . . . Largest Group . | . . . Highest-Rated Group . | . . . Highest-Rated Ally . | . . . Total Orders . | . . . Ally Attacks . | . . . Total Damage . | . . . Kills . | . . . Allies Corrupted . | . . . Allies Melted . | . . . Intel | -11 -10 -9 ------- Run | Yrd Mat Mat Robot Analysis Total . | . . . Derelict Logs Recovered . | . . . Drone Launches . | . . . Drone Recoveries . | . . . Exploration | -11 -10 -9 ------------- Run | Yrd Mat Mat Turns Passed 920 | 112 368 440 Spaces Moved 698 | 87 274 337 Core 59 | 15 . 44 Treads . | . . . Legs 549 | 72 274 203 Wheels . | . . . Hover 90 | . . 90 Flight . | . . . Fastest Speed 50 | 50 120 50 Average Speed 119 | 116 120 120 Slowest Speed 250 | 200 120 250 Overloaded Moves . | . . . Propulsion Burnouts . | . . . Robots Hopped . | . . . Cave-ins Triggered . | . . . Exploration Rate (%) 19 | 5 32 22 Regions Visited 2 Branch Regions . Pre-discovered Areas . | . . . Known Exits Taken . | . . . Unknown Exits Taken 2 | 1 1 . Scrap Searched . | . . . Spaces Dug . | . . . Terrain Destroyed 43 | . . 43 Melee . | . . . Projectile . | . . . AOE 43 | . . 43 Terrain Rammed . | . . . Walls Destroyed . | . . . Machines Disabled . | . . . Actions | -11 -10 -9 --------- Run | Yrd Mat Mat Total 751 | 94 293 364 Wait 1 | . . 1 Move 696 | 86 273 337 Hop . | . . . Pick Up 12 | 2 7 3 Fast Attach 13 | 6 1 6 Attach 1 | . . 1 Detach . | . . . Swap . | . . . Drop 5 | . 1 4 Fire 15 | . 10 5 Melee . | . . . Ram 7 | . . 7 Kick 1 | . 1 . Crush . | . . . Escape Stasis . | . . . Rewire . | . . . Trap . | . . . Miscellaneous . | . . . Route ------- -11/Scrapyard -10/Materials -9/Materials History --------- Turn | Location | Event 27 | -11/Scrapyard | Discovered new exit (range 15) 113 | -11/Scrapyard | Entered Materials 318 | -10/Materials | Build established: Mutant 378 | -10/Materials | Discovered new exit (range 8) 481 | -10/Materials | Entered another Materials area 481 | -9/Materials | Evolved 2 slots: Propulsion x1, Utility x1 716 | -9/Materials | Lost 4 parts (1p1u2w) 843 | -9/Materials | Lost 4 parts (2n1u1w) 878 | -9/Materials | Core integrity fell below 50% 914 | -9/Materials | Core integrity fell below 20% 921 | -9/Materials | Destroyed by G-34 Mercenary with Small Laser Last Messages --------------- U-05 Engineer builds a Wall. Acquired Hover Unit. Acquired Sensor Array. K-01 Serf collects debris. S-10 Pest destroyed. K-01 Serf collects debris. W-16 Scout sends out distress signal. W-16 Scout destroyed. Acquired Lgt. Deuterium Engine. Acquired Imp. Propulsion Shielding. Assault Rifle destroyed. Aluminum Leg destroyed. Hover Unit destroyed. ECM Suite destroyed. Hover Unit destroyed. Lgt. Deuterium Engine destroyed. Sml. Storage Unit destroyed. Extracted 5 matter. Dropped Imp. Propulsion Shielding. Slammed into G-34 Mercenary. Map ----- +----------------------------------------------------+ | # #???# #??????????????? | | #???# #??????????????? | | #???# #??????????????? | | # # #???# #??????????????? | | # # #???# #??????????????? | | # % #???# #??????????????? | | # # #???# #??????????????? | | # #??## ##????#????????? | | # ! #### #### ###??????? | | + = ! *%! #??????? | | # T ! +??????? | | # #??????? | | # ######## ###### #??????? | | #######??????## ####?????????????? | | #?????????????# #????????????????? | | #?????????????# #????????????????? | | #?????????????# #????????????????? | | #?????????##### #?????###+###????? | | #?????????#!! #?????# ????? | | #?????????#! ####### ""????? | | #?????????#* # T?????? | | #?????????#** # "?????? | | ??????????#!! +? ??????? | | ??????????#!! #? ??????? | | ??????????##### ###/##?????? | | ##########????# @ #?????? | | #????# %g#?????? | | "" #????# ####%g#?????? | | """#????# #??#% #?????? | | """ S"###### #??# ####??? | | """ #??# !##?? | | """ ! # ### ####!! !#?? | | """ ###+##### +*! !#?? | | # ??# """ # !#?? | | ##########""" ## """ # !#?? | | ?????????#"R ## """ #### !##?? | | ?????????#""" ## #???###??? | | ?????????# ##[ #????????? | | ?????????# #########????????? | | ?????????# #????????????????? | | ??????????######?????????????????? | | | | | | | | | | | | | | | | | | | +----------------------------------------------------+ Best States ------------- Heat Dissipation 28 Energy Generation 14 Energy Capacity 250 Matter Stores 300 Matter Capacity 300 Sight Range 16 Terrain Scan Density 10 ECM Strength 1 Propulsion Shielding 66 Evasion (%) 55 Item Schematics ----------------- None Robot Schematics ------------------ None Fabricated ------------ Nothing Alien Tech Used ----------------- None Achievements -------------- None Challenges ------------ None Game ------ Seed PrecisionAntigravThruster Manual? 0 Play Time 00:06:43 Cumulative 11.4 hours Start 2024.04.12 @ 07:40:27 End 2024.04.12 @ 07:47:27 Sessions 1 Manual Loads 0 Difficulty Rogue Special Mode None Game No. 43 Rogue 43 Adventurer 0 Explorer 0 Win Type - Total 0 Types 0/0/0/0/0/0/0/0/0 Lore% 11 Gallery% 18 Achievement% 16 Wizard Run 0 Options --------- Layout 1 ASCII 1 Keyboard 0 Movement Arrows Keybinds 0 Fullscreen 1 Font 18/SmallcapsGlow Map View 50x40 Zoom Use 0% Tactical HUD 0 Map Filters NONE Filters NONE Steam 1 RUN: 2ecec03b-7f6a-4723-84ea-4e377855798e